TOP OF THE 1ST |
Pennsylvania State University Nittany Lions batting - Pitching for Clemson University Tigers : RHP Nate Roessler
|
Pitching: RHP Nate Roessler
|
|
Batting: RHB John Hopkins
|
0-0: Ball 1-0: Fly out, F9 (Line Drive, 9, EV 90.6 MPH)
|
Batting: RHB Craig Alvarado
|
0-0: Ball 1-0: Ball 2-0: Ball 3-0: Called Strike 3-1: SOLO HOME RUN (Flyball, 7D, EV 98.8 MPH), Distance : 402 ft
|
Batting: RHB Kaoru Hamada
|
0-0: Called Strike 0-1: Ball 1-1: Ball 2-1: Called Strike 2-2: Foul Ball, location: 2F 2-2: Strikes out swinging
|
Batting: RHB Fernando Membreno
|
0-0: Foul Ball, location: 2F 0-1: Called Strike 0-2: Ball 1-2: Strikes out swinging
|
Top of the 1st over - 1 run, 1 hit, 0 errors, 0 left on base; Pennsylvania State University 1 - Clemson University 0 |
BOTTOM OF THE 1ST |
Clemson University Tigers batting - Pitching for Pennsylvania State University Nittany Lions : LHP Wilhelm Myers
|
Pitching: LHP Wilhelm Myers
|
|
Batting: RHB Jorge Alva
|
0-0: Called Strike 0-1: Ball 1-1: Fly out, F6 (Popup, 6, EV 76.2 MPH)
|
Batting: SHB Jose Santiago
|
0-0: Ball 1-0: Swinging Strike 1-1: Swinging Strike 1-2: Strikes out swinging
|
Batting: RHB Chris Prinzing
|
0-0: Ball 1-0: Ball 2-0: Called Strike 2-1: Ball 3-1: Fly out, F8 (Line Drive, 8RM, EV 92.5 MPH)
|
Bottom of the 1st over - 0 runs, 0 hits, 0 errors, 0 left on base; Pennsylvania State University 1 - Clemson University 0 |
TOP OF THE 2ND |
Pennsylvania State University Nittany Lions batting - Pitching for Clemson University Tigers : RHP Nate Roessler
|
Batting: LHB Alex Morales
|
0-0: Fly out, F7 (Flyball, 78D, EV 94.4 MPH)
|
Batting: RHB Mike Smith
|
0-0: Swinging Strike 0-1: Swinging Strike 0-2: Ball 1-2: Ground out 6-3 (Groundball, P, EV 86.9 MPH)
|
Batting: RHB Bobby Lozada
|
0-0: Ball 1-0: Called Strike 1-1: Foul Ball, location: 2F 1-2: Strikes out swinging
|
Top of the 2nd over - 0 runs, 0 hits, 0 errors, 0 left on base; Pennsylvania State University 1 - Clemson University 0 |
BOTTOM OF THE 2ND |
Clemson University Tigers batting - Pitching for Pennsylvania State University Nittany Lions : LHP Wilhelm Myers
|
Pitching: RHP Jerry Romero
|
|
Batting: RHB Mike Woodard
|
0-0: Ball 1-0: DOUBLE (Line Drive, 9LS, EV 93.1 MPH)
|
Batting: RHB Leo Casillas
|
0-0: Reached on error, E5 (Groundball, 56, EV 111.2 MPH) Mike Woodard to third
|
Batting: RHB Dave Dominguez
|
0-0: Fly out, F7 (Flyball, 7, EV 90.6 MPH) Runner from 3rd tags up, SCORES, throw by LF
|
Batting: RHB Neal Perucci
|
0-0: Ball 1-0: Ball 2-0: Ball 3-0: Called Strike 3-1: Called Strike 3-2: Foul Ball, location: 2F 3-2: Fly out, F8 (Flyball, 8RM, EV 88.8 MPH)
|
Batting: RHB Liangde Zhou
|
0-0: Swinging Strike 0-1: Foul Ball, location: 2F 0-2: Strikes out swinging
|
Bottom of the 2nd over - 1 run, 1 hit, 1 error, 1 left on base; Pennsylvania State University 1 - Clemson University 1 |
TOP OF THE 3RD |
Pennsylvania State University Nittany Lions batting - Pitching for Clemson University Tigers : RHP Nate Roessler
|
Batting: LHB Josh Lane
|
0-0: Called Strike 0-1: Ball 1-1: Ball 2-1: DOUBLE (Line Drive, 9LS, EV 101.2 MPH)
|
Batting: LHB Oscar Rivera
|
0-0: Ball 1-0: Fly out, F6 (Popup, 6MS, EV 85.0 MPH)
|
Batting: RHB John Hopkins
|
0-0: Swinging Strike 0-1: Ball 1-1: Ball 2-1: Ground out 4-3 (Groundball, 4, EV 100.6 MPH) Josh Lane to third
|
Batting: RHB Craig Alvarado
|
0-0: Called Strike 0-1: Swinging Strike 0-2: Ball 1-2: Ball 2-2: Strikes out swinging
|
Top of the 3rd over - 0 runs, 1 hit, 0 errors, 1 left on base; Pennsylvania State University 1 - Clemson University 1 |
BOTTOM OF THE 3RD |
Clemson University Tigers batting - Pitching for Pennsylvania State University Nittany Lions : RHP Jerry Romero
|
Pitching: RHP Mike Watkins
|
|
Batting: RHB Travis Padgett
|
0-0: Ball 1-0: Called Strike 1-1: Swinging Strike 1-2: Foul Ball, location: 2F 1-2: Foul Ball, location: 2F 1-2: Ground out 6-3 (Groundball, 6, EV 100.0 MPH)
|
Batting: RHB Jorge Alva
|
0-0: Ball 1-0: Foul Ball, location: 2F 1-1: Fly out, F8 (Line Drive, 8LD, EV 94.4 MPH)
|
Batting: SHB Jose Santiago
|
0-0: Called Strike 0-1: Called Strike 0-2: Strikes out swinging
|
Bottom of the 3rd over - 0 runs, 0 hits, 0 errors, 0 left on base; Pennsylvania State University 1 - Clemson University 1 |
TOP OF THE 4TH |
Pennsylvania State University Nittany Lions batting - Pitching for Clemson University Tigers : RHP Nate Roessler
|
Batting: RHB Kaoru Hamada
|
0-0: Fly out, F9 (Flyball, 89M, EV 88.8 MPH)
|
Batting: RHB Fernando Membreno
|
0-0: Foul Ball, location: 2F 0-1: Foul Ball, location: 2F 0-2: Ball 1-2: Ball 2-2: Strikes out swinging
|
Batting: LHB Alex Morales
|
0-0: SOLO HOME RUN (Flyball, 9LD, EV 92.5 MPH), Distance : 338 ft
|
Batting: RHB Mike Smith
|
0-0: Ball 1-0: Ball 2-0: Ground out 1-3 (Groundball, 15S, EV 64.4 MPH)
|
Top of the 4th over - 1 run, 1 hit, 0 errors, 0 left on base; Pennsylvania State University 2 - Clemson University 1 |
BOTTOM OF THE 4TH |
Clemson University Tigers batting - Pitching for Pennsylvania State University Nittany Lions : RHP Mike Watkins
|
Pitching: LHP James Marker
|
|
Batting: RHB Chris Prinzing
|
0-0: Called Strike 0-1: Foul Ball, location: 2F 0-2: Ball 1-2: Fly out, F9 (Line Drive, 9, EV 93.8 MPH)
|
Batting: RHB Mike Woodard
|
0-0: Fly out, F9 (Flyball, 9LSF, EV 89.4 MPH)
|
Batting: RHB Leo Casillas
|
0-0: Ball 1-0: Called Strike 1-1: Ball 2-1: Foul Ball, location: 2F 2-2: SINGLE (Groundball, 4MD, EV 108.8 MPH)
|
Batting: RHB Dave Dominguez
|
0-0: Ball 1-0: Foul Ball, location: 2F 1-1: 2-RUN HOME RUN (Flyball, 7D, EV 105.6 MPH), Distance : 419 ft
|
Batting: RHB Neal Perucci
|
0-0: Ball 1-0: Foul Ball, location: 2F 1-1: Ground out 4-3 (Groundball, 34, EV 86.2 MPH)
|
Bottom of the 4th over - 2 runs, 2 hits, 0 errors, 0 left on base; Pennsylvania State University 2 - Clemson University 3 |
TOP OF THE 5TH |
Pennsylvania State University Nittany Lions batting - Pitching for Clemson University Tigers : RHP Nate Roessler
|
Now at 2B: Jackson Wither
|
|
Now at SS: Dermott Ayliffe
|
|
Now in RF: Ryan Thurston
|
|
Batting: RHB Bobby Lozada
|
0-0: Ball 1-0: Called Strike 1-1: Ball 2-1: Foul Ball, location: 2F 2-2: Strikes out swinging
|
Batting: LHB Josh Lane
|
0-0: Called Strike 0-1: Ball 1-1: Called Strike 1-2: Ball 2-2: SINGLE (Flyball, 5D, EV 95.0 MPH)
|
Batting: LHB Oscar Rivera
|
0-0: Called Strike 0-1: Ball 1-1: Ball 2-1: Grounds into double play, U3-6 (Groundball, 3L, EV 99.4 MPH)
|
Top of the 5th over - 0 runs, 1 hit, 0 errors, 0 left on base; Pennsylvania State University 2 - Clemson University 3 |
BOTTOM OF THE 5TH |
Clemson University Tigers batting - Pitching for Pennsylvania State University Nittany Lions : LHP James Marker
|
Now at 3B: Keith Ashton
|
|
Now at SS: Leo Roldan
|
|
Now in CF: Jesus Resendez
|
|
Batting: RHB Liangde Zhou
|
0-0: Ball 1-0: Ball 2-0: Ball 3-0: Called Strike 3-1: Called Strike 3-2: Fly out, F9 (Flyball, 9S, EV 80.0 MPH)
|
Batting: RHB Travis Padgett
|
0-0: Called Strike 0-1: Ball 1-1: Foul Ball, location: 2F 1-2: SINGLE (Groundball, 34D, EV 98.1 MPH)
|
Batting: RHB Dermott Ayliffe
|
0-0: Foul Ball, location: 2F 0-1: Ball 1-1: Called Strike 1-2: Ball 2-2: DOUBLE (Line Drive, 7LM, EV 107.5 MPH) Travis Padgett to third Runner from 3rd tries for Home, SAFE, throw by LF to home
|
Pitching: RHP Reginald Larnach
|
|
Pinch Hitting: RHB Toshinori Tajima
|
0-0: Ball 1-0: Ball 2-0: Fly out, F7 (Flyball, 78D, EV 102.5 MPH)
|
Batting: LHB Jackson Wither
|
0-0: Ball 1-0: Ground out 6-3 (Groundball, P, EV 85.6 MPH)
|
Bottom of the 5th over - 1 run, 2 hits, 0 errors, 1 left on base; Pennsylvania State University 2 - Clemson University 4 |
TOP OF THE 6TH |
Pennsylvania State University Nittany Lions batting - Pitching for Clemson University Tigers : RHP Nate Roessler
|
Now at 3B: Donovan Deason
|
|
Now in LF: Rick Acevedo
|
|
Now in CF: Alonzo Catalan
|
|
Batting: RHB Roberto Medina
|
0-0: Ball 1-0: Ground out 6-3 (Groundball, 6, EV 88.8 MPH)
|
Batting: RHB Leo Roldan
|
0-0: Foul Ball, location: 2F 0-1: Ball 1-1: Ball 2-1: Ball 3-1: Called Strike 3-2: Foul Ball, location: 2F 3-2: Strikes out looking
|
Batting: RHB Keith Ashton
|
0-0: Ground out 6-3 (Groundball, 6, EV 97.5 MPH)
|
Top of the 6th over - 0 runs, 0 hits, 0 errors, 0 left on base; Pennsylvania State University 2 - Clemson University 4 |
BOTTOM OF THE 6TH |
Clemson University Tigers batting - Pitching for Pennsylvania State University Nittany Lions : RHP Reginald Larnach
|
Now at C: Shane Howe
|
|
Now at 1B: Peter Turcotte
|
|
Now at 2B: Winston Vasquez
|
|
Batting: LHB Jayden Pelayo
|
0-0: Ball 1-0: Called Strike 1-1: Fly out, F7 (Flyball, 7, EV 98.1 MPH)
|
Batting: RHB Ryan Thurston
|
0-0: Ball 1-0: SINGLE (Groundball, 6M, EV 108.1 MPH) (infield hit)
|
Pinch Hitting: SHB Jason Keys
|
0-0: Ball 1-0: Ball 2-0: SINGLE (Flyball, 8RS, EV 91.9 MPH) Ryan Thurston to second
|
Batting: RHB Neal Perucci
|
0-0: Called Strike 0-1: Ball 1-1: Foul Ball, location: 2F 1-2: Ground out 5-3 (Groundball, 56S, EV 70.0 MPH) Ryan Thurston to third Jason Keys to second
|
Batting: LHB Alonzo Catalan
|
0-0: Ball 1-0: Ball 2-0: Ball 3-0: Called Strike 3-1: Swinging Strike 3-2: Strikes out swinging
|
Bottom of the 6th over - 0 runs, 2 hits, 0 errors, 2 left on base; Pennsylvania State University 2 - Clemson University 4 |
TOP OF THE 7TH |
Pennsylvania State University Nittany Lions batting - Pitching for Clemson University Tigers : RHP Nate Roessler
|
Pitching: RHP Richard Clements
|
|
Now at C: Bobby Basoco
|
|
Now at 1B: Dermott Ayliffe
|
|
Now at SS: Juan Barela
|
|
Now in LF: Ryan Thurston
|
|
Now in RF: Justin Veirs
|
|
Batting: RHB Peter Turcotte
|
0-0: Ball 1-0: Ball 2-0: Called Strike 2-1: Ball 3-1: Base on Balls
|
Pinch Hitting: LHB Elijah Mallandain
|
0-0: Foul Ball, location: 2F 0-1: Called Strike 0-2: Foul Ball, location: 2F 0-2: Strikes out looking
|
Pinch Hitting: RHB Pete Roberts
|
0-0: Swinging Strike 0-1: Foul Ball, location: 2F 0-2: Strikes out swinging
|
Batting: SHB Shane Howe
|
0-0: Ball 1-0: Ground out U3 (Groundball, 3L, EV 91.9 MPH)
|
Top of the 7th over - 0 runs, 0 hits, 0 errors, 1 left on base; Pennsylvania State University 2 - Clemson University 4 |
BOTTOM OF THE 7TH |
Clemson University Tigers batting - Pitching for Pennsylvania State University Nittany Lions : RHP Reginald Larnach
|
Pitching: RHP Carmem Bonnet
|
|
Now at 2B: Jake Garza
|
|
Now in LF: Elijah Mallandain
|
|
Batting: RHB Bobby Basoco
|
0-0: Hit by Pitch
|
Batting: RHB Dermott Ayliffe
|
0-0: Fly out, F7 (Line Drive, 7S, EV 105.0 MPH)
|
Pinch Hitting: RHB Jason Duncan
|
0-0: Called Strike 0-1: Ball 1-1: Ball 2-1: Ball 3-1: Called Strike 3-2: Strikes out swinging
|
Batting: LHB Jackson Wither
|
0-0: Swinging Strike 0-1: Ball 1-1: Ball 2-1: Ball 3-1: SINGLE (Groundball, 25, EV 70.0 MPH) (infield hit) Bobby Basoco to second
|
Batting: LHB Jayden Pelayo
|
0-0: Foul Ball, location: 2F 0-1: Ball 1-1: Foul Ball, location: 2F 1-2: Ball 2-2: Ball 3-2: 3-RUN HOME RUN (Flyball, 9D, EV 93.8 MPH), Distance : 373 ft
|
Pitching: LHP Dan Cunningham
|
|
Batting: RHB Ryan Thurston
|
0-0: Ball 1-0: Ground out 6-3 (Groundball, 6, EV 104.4 MPH)
|
Bottom of the 7th over - 3 runs, 2 hits, 0 errors, 0 left on base; Pennsylvania State University 2 - Clemson University 7 |
TOP OF THE 8TH |
Pennsylvania State University Nittany Lions batting - Pitching for Clemson University Tigers : RHP Richard Clements
|
Pitching: LHP Will West
|
|
Now at 3B: Jason Duncan
|
|
Batting: RHB Jesus Resendez
|
0-0: Called Strike 0-1: Ball 1-1: Swinging Strike 1-2: Ground out 6-3 (Groundball, 6, EV 89.4 MPH)
|
Pinch Hitting: RHB Isaiah Heath
|
0-0: Called Strike 0-1: Foul Ball, location: 2F 0-2: Strikes out swinging
|
Batting: RHB Roberto Medina
|
0-0: Foul Ball, location: 2F 0-1: Called Strike 0-2: Ball 1-2: Strikes out swinging
|
Top of the 8th over - 0 runs, 0 hits, 0 errors, 0 left on base; Pennsylvania State University 2 - Clemson University 7 |
BOTTOM OF THE 8TH |
Clemson University Tigers batting - Pitching for Pennsylvania State University Nittany Lions : LHP Dan Cunningham
|
Pitching: RHP D.J. Ganz
|
|
Now in RF: Isaiah Heath
|
|
Batting: LHB Justin Veirs
|
0-0: Ball 1-0: Swinging Strike 1-1: Called Strike 1-2: SINGLE (Line Drive, 56, EV 100.0 MPH)
|
Batting: RHB Juan Barela
|
0-0: Ball 1-0: Called Strike 1-1: Foul Ball, location: 2F 1-2: Strikes out looking
|
Batting: LHB Alonzo Catalan
|
0-0: Called Strike 0-1: Foul Ball, location: 2F 0-2: Ball 1-2: Fly out, F8 (Flyball, 8RS, EV 76.2 MPH)
|
Batting: RHB Bobby Basoco
|
0-0: Ball 1-0: Called Strike 1-1: Swinging Strike 1-2: Ball 2-2: Strikes out looking
|
Bottom of the 8th over - 0 runs, 1 hit, 0 errors, 1 left on base; Pennsylvania State University 2 - Clemson University 7 |
TOP OF THE 9TH |
Pennsylvania State University Nittany Lions batting - Pitching for Clemson University Tigers : LHP Will West
|
Pitching: LHP Brian Cullom
|
|
Pinch Hitting: RHB Franklin van den Berg
|
0-0: Ball 1-0: Called Strike 1-1: SINGLE (Groundball, 4MD, EV 93.8 MPH)
|
Pinch Hitting: SHB Oscar Barahona
|
0-0: Ball 1-0: Called Strike 1-1: Ball 2-1: SINGLE (Line Drive, 9LM, EV 110.6 MPH) Franklin van den Berg to second
|
Batting: RHB Peter Turcotte
|
0-0: Called Strike 0-1: Ball 1-1: Ball 2-1: Fielders Choice at 2nd, 3-6 (Groundball, 34, EV 84.4 MPH) Franklin van den Berg to third
|
Pinch Hitting: RHB David Dye
|
0-0: Called Strike 0-1: Ball 1-1: Foul Ball, location: 2F 1-2: Ball 2-2: Strikes out swinging
|
Batting: RHB Jake Garza
|
0-0: Foul Ball, location: 2F 0-1: Ball 1-1: Foul Ball, location: 2F 1-2: Ball 2-2: Ball 3-2: DOUBLE (Line Drive, 78XD, EV 103.1 MPH) Franklin van den Berg scores Peter Turcotte to third Peter Turcotte scores
|
Pitching: RHP Glen Turner
|
|
Pinch Hitting: RHB Johnny Healey
|
0-0: Ball 1-0: Called Strike 1-1: Ball 2-1: Fly out, F8 (Flyball, 78M, EV 96.9 MPH)
|
Top of the 9th over - 2 runs, 3 hits, 0 errors, 1 left on base; Pennsylvania State University 4 - Clemson University 7 |
|